 Dungeon Crawl Stone Soup version 0.31.0-11-ge490571c62 (webtiles) character file.

Game seed: 16303618752367614816

245 qw the Shooter (level 5, -3/26 HPs)
             Began as a Spriggan Hunter on Feb 4, 2024.
             Killed by divine providence
             ... invoked by an orc priest
              (12 damage)
             ... on level 4 of the Dungeon.
             The game lasted 00:00:11 (2374 turns).

qw the Shooter (Spriggan Hunter)                    Turns: 2374, Time: 00:00:12

Health: -3/26      AC:  2    Str:  7    XL:     5   Next: 84%
Magic:  6/6        EV: 20    Int: 11    God:
Gold:   141        SH:  0    Dex: 20    Spells: 4/4 levels left

rFire   . . .        a - +1 shortbow
rCold   . . .        (shield currently unavailable)
rNeg    . . .        c - +0 robe
rPois   .            (helmet restricted)
rElec   .            (no cloak)
rCorr   .            (gloves unavailable)
SInv    +            (boots unavailable)
Will    .....        (no amulet)
Stlth   ++           (no ring)
HPRegen 0.24/turn    (no ring)
MPRegen 0.10/turn

%: no passive effects
@: very quick
A: very small, no large weapons, unfitting armour, see invisible, speed 3
a: no special abilities


You were on level 4 of the Dungeon.
You visited 1 branch of the dungeon, and saw 4 of its levels.

You collected 207 gold pieces.
You spent 66 gold pieces at shops.


Innate Abilities, Weirdness & Mutations

You are very small and have problems with some larger weapons.
You are too small for most types of armour.
You have supernaturally acute eyesight. (SInv)
You cover ground extremely quickly. (Speed+++)


   Skills:
 - Level 2.1 Fighting
 - Level 6.0 Ranged Weapons
 + Level 5.2 Dodging
 - Level 1.5 Stealth


You had 4 spell levels left.
You didn't know any spells.
Your spell library was empty.

Inventory:

Hand Weapons
 a - a +1 shortbow (weapon)
Armour
 c - a +0 robe (worn)
Jewellery
 g - a ring of fire
Scrolls
 b - a scroll of identify
 h - a scroll of enchant armour
Potions
 d - 6 potions of curing
 l - a potion of heal wounds

Dungeon Overview and Level Annotations

Branches:
Dungeon (4/15)
 Temple: D:4-7

Altars:
Yredelemnul

Shops:
D:1 *![[

Annotations:
D:4 Blork the orc


Message History

You shoot an arrow. The arrow hits the hound.
The hound is heavily wounded.
You shoot an arrow. The arrow misses the hound.
The hound misses you.
An orc priest comes into view. It is wielding a +4 whip.
You shoot an arrow. The arrow closely misses the hound.
The orc priest shouts!
The hound closely misses you. The hound bites you.
You shoot an arrow. The arrow closely misses the hound.
The arrow hits the orc wizard.
The orc wizard is moderately wounded.
The hound bites you. x2
You shoot an arrow. The arrow hits the hound.
The hound is heavily wounded.
The orc wizard misses you.
The orc priest begins to cast a cantrip, but forgets the words!
The hound bites you but does no damage.
You shoot an arrow. The arrow barely misses the hound.
The hound misses you.
The orc wizard points at you and mumbles some strange words.
The magic dart hits you.
Blork the orc comes into view.
He is wielding a +0 hand axe.
The hound barely misses you.
An orc priest comes into view. It is wielding a +0 hand axe.
The orc wizard barely misses you.
Blork the orc moves out of view.
Enter note:
Enter note:
2371 ||| RETREEEEATING.
You shoot an arrow. The arrow hits the hound.
The hound is severely wounded.
The hound misses you.
You shoot an arrow. The arrow misses the hound.
The hound barely misses you. The orc wizard closely misses you.
The hound closely misses you.
You shoot an arrow. The arrow hits the hound!
You kill the hound!
The orc wizard hits you with a +0 flail!
The orc priest mumbles some strange prayers to Beogh against you.
Beogh smites you!
You die...

##.#.....## ###
#.........## #.#
#...##.##..#
#.#####....#.#...#
..##.##..#.....#.##
#.##.....##...##..#
#..#...#...._...).#
.........##...##.)#
##...#.#.#.....#@.#
###........#.#.o..#
.....#....##.##.o)#
.....###........#.#
...............##..
...#..........#
.... ...###........
.##% ..............
# .o ............
..


You could see 2 orc priests and an orc wizard (invisible).

Vanquished Creatures
  A hound (D:4)
  An orc priest (D:4)
  Terence (D:3)
  A sleepcap (D:3)
  7 adders
  3 dart slugs
  3 ribbon worms
  12 orcs
  6 bats
  8 endoplasms
  4 giant cockroaches
  4 goblins
  3 hobgoblins
  3 jackals (D:3)
  2 quokkas (D:2)
  4 ball pythons
  A frilled lizard (D:2)
  7 kobolds
  9 rats
80 creatures vanquished.

Notes
Turn   | Place    | Note
-------+----------+-------------------------------------------
     0 | D:1      | qw the Spriggan Hunter began the quest for the Orb.
     0 | D:1      | Reached XP level 1. HP: 10/10 MP: 2/2
     0 | D:1      | 0 ||| qw: Version: 0.3-a-160-g6735b56
     0 | D:1      | 0 ||| qw: Game counter: 5076
     0 | D:1      | 0 ||| qw: Melee chars always use a shield: true
     0 | D:1      | 0 ||| qw: God list: Okawaru
     0 | D:1      | 0 ||| qw: Allow faded altars: false
     0 | D:1      | 0 ||| qw: Do Orc after clearing Dungeon:15 true
     0 | D:1      | 0 ||| qw: Do second Lair branch before Depths: true
     0 | D:1      | 0 ||| qw: Lair rune preference: random
     0 | D:1      | 0 ||| qw: Goals: Normal
     0 | D:1      | 0 ||| PLANNING D:1-11
    98 | D:1      | Found Teutre's Antique Armour Shop.
   117 | D:1      | Reached skill level 3 in Dodging
   161 | D:1      | Found Ulid's Armour Shop.
   169 | D:1      | 169 ||| SHOPLISTING +0 cloak (45 gold, have 18).
   169 | D:1      | 169 ||| SHOPLISTING +1 robe of fire resistance (127 gold,
                  | have 18).
   252 | D:1      | Found Soojuosk's Distillery.
   261 | D:1      | 261 ||| BUYING potion of curing (33 gold).
   261 | D:1      | Bought a potion of curing for 33 gold pieces
   261 | D:1      | 261 ||| SHOPLISTING potion of haste (110 gold, have 5).
   261 | D:1      | 261 ||| SHOPLISTING potion of might (44 gold, have 5).
   261 | D:1      | 261 ||| SHOPLISTING potion of mutation (88 gold, have 5).
   292 | D:1      | Reached XP level 2. HP: 14/14 MP: 3/3
   421 | D:1      | Found Ussyuschor's General Store.
   422 | D:1      | Found a faded altar of an unknown god.
   426 | D:1      | 426 ||| SHOPLISTING 2 scrolls of enchant armour (165 gold,
                  | have 44).
   426 | D:1      | 426 ||| BUYING potion of curing (33 gold).
   426 | D:1      | Bought a potion of curing for 33 gold pieces
   426 | D:1      | 426 ||| SHOPLISTING scroll of identify (22 gold, have 11).
   772 | D:1      | 772 ||| READING scroll labelled WYINOGONOP.
   773 | D:1      | 773 ||| READING scroll labelled MOUFRA BUM.
   773 | D:1      | 773 ||| IDENTIFYING scroll labelled ZICVUSOFOUZU
   774 | D:1      | 774 ||| READING scroll labelled UHUNLEU IGORGHU.
   775 | D:1      | 775 ||| DROPPING scroll of butterflies.
  1022 | D:2      | Reached XP level 3. HP: 18/18 MP: 4/4
  1206 | D:2      | Reached skill level 5 in Ranged Weapons
  1386 | D:2      | 1386 ||| READING scroll of identify.
  1386 | D:2      | 1386 ||| IDENTIFYING cyan potion
  1387 | D:2      | 1387 ||| READING scroll labelled MUIHAB KIWNAU.
  1391 | D:2      | 1391 ||| READING scroll labelled UMISEBOLAA.
  1392 | D:2      | 1392 ||| READING scroll labelled OTUTSA LAIHYST.
  1393 | D:2      | 1393 ||| READING scroll labelled WYGAAN APUR.
  1393 | D:2      | 1393 ||| ENCHANTING +0 shortbow.
  1394 | D:2      | 1394 ||| DROPPING potion of ambrosia.
  1483 | D:3      | Reached XP level 4. HP: 22/22 MP: 5/5
  1593 | D:3      | 1593 ||| RETREEEEATING.
  1595 | D:3      | 1595 ||| RETREEEEATING.
  1596 | D:3      | 1596 ||| RETREEEEATING.
  1597 | D:3      | 1597 ||| RETREEEEATING.
  1600 | D:3      | 1600 ||| RETREEEEATING.
  1602 | D:3      | 1602 ||| RETREEEEATING.
  1604 | D:3      | 1604 ||| RETREEEEATING.
  1618 | D:3      | HP: 2/22 [ribbon worm (8)]
  1656 | D:3      | 1656 ||| FLEEEEING.
  1657 | D:3      | 1657 ||| FLEEEEING.
  1658 | D:3      | 1658 ||| FLEEEEING.
  1659 | D:3      | 1659 ||| FLEEEEING.
  1660 | D:3      | 1660 ||| FLEEEEING.
  1661 | D:3      | 1661 ||| FLEEEEING.
  1662 | D:3      | 1662 ||| STAIRDANCE
  1772 | D:3      | Noticed Terence
  1778 | D:3      | Killed Terence
  1779 | D:3      | Reached XP level 5. HP: 26/26 MP: 6/6
  2191 | D:3      | 2191 ||| DROPPING scarf of harm.
  2192 | D:3      | 2192 ||| READING scroll of identify.
  2192 | D:3      | 2192 ||| IDENTIFYING fizzy black potion
  2193 | D:3      | 2193 ||| READING scroll labelled ZAOS XIPAQ.
  2253 | D:4      | 2253 ||| STAIRDANCE
  2258 | D:4      | 2258 ||| STAIRDANCE
  2271 | D:4      | 2271 ||| STAIRDANCE
  2326 | D:4      | Found a basalt altar of Yredelemnul.
  2356 | D:4      | Reached skill level 6 in Ranged Weapons
  2370 | D:4      | Noticed Blork the orc
  2371 | D:4      | 2371 ||| RETREEEEATING.
  2374 | D:4      | Killed from afar by an orc priest

Levels and vault maps discovered:
D:1:      noname_arrival_rooms_in_the_neighbourhood, layout_basic, serial_shops,
          nicolae_shop_pleasant_corner_grove, shop, shop, shop,
          hellmonk_ecumenical_altar_leap_of_faith, minmay_cut_off
D:2:      minmay_door_path, layout_rooms
D:3:      layout_loops_cross, uniq_terence
D:4:      layout_rooms, mainiacjoe_overflow_small_starburst,
          general_overflow_altar, minmay_temple_entry_glass, uniq_blork_the_orc

Skill      XL: |  1  2  3  4  5 |
---------------+----------------+-----
Dodging        | 3 4 5 |  5.2
Ranged Weapons | 5 6 |  6.0
Fighting       | 2 |  2.1
Stealth        | |  1.5

Action                     |  1- 3 |  4- 6 || total
---------------------------+-------+-------++-------
   Fire: Shortbow          |   114 |   152 ||   266
    Use: Scroll            |     8 |     2 ||    10
 Armour: Robe              |     9 |    23 ||    32
  Dodge: Dodged            |    37 |    83 ||   120

Table legend:
 A = Non-vault XP
 B = Vault XP
 C = Vault XP percentage of total XP
 D = Non-vault monster count
 E = Vault monster count
 F = Vault count percentage of total count
                 A         B        C        D         E       F
            +---------+---------+-------+---------+---------+-------
      Total |     352 |      39 |  10.0 |      77 |       3 |   3.8
            +---------+---------+-------+---------+---------+-------
        D:1 |      19 |       2 |   9.5 |      11 |       1 |   8.3
        D:2 |      67 |       1 |   1.5 |      25 |       1 |   3.8
        D:3 |     168 |      36 |  17.6 |      32 |       1 |   3.0
        D:4 |      98 |       0 |   0.0 |       9 |       0 |   0.0
            +---------+---------+-------+---------+---------+-------
